Map: Ujari

Players

Metasapien - Winner!

  • Race: Zerg Zerg
  • League: Platinum
  • Spawn Location: 3:00

Bob - Winner!

  • Race: Protoss Protoss
  • Spawn Location: 3:00

alvarado - Winner!

  • Race: Protoss Protoss
  • League: Platinum
  • Spawn Location: 0:00

bizou

  • Race: Zerg Zerg
  • Spawn Location: 9:00

Cimyba

  • Race: Protoss Protoss
  • Spawn Location: 9:00

iWushu

  • Race: Terran Terran
  • Spawn Location: 0:00

VOD

Have the link to the VOD?

Description

Time

  • Played on: Sept. 24, 2017, 2:54 p.m.
  • Length: 20:32
Show
View Real Time Build Order
Export as new Build Order

Metasapien Zerg - Winner!

Build Orders: Hatch First, Swarm Host 

Get SALT Encoding   

  12  0:37  Overlord, Hatchery  
  11  0:44  Drone  
  11  0:46  Drone  
  13  0:54  Drone  
  14  1:16  Spawning Pool  
  13  1:19  Drone, Extractor  
  13  1:21  Drone  
  14  1:31  Drone x2  
  16  1:44  Drone  
  17  1:55  Drone  
  17  1:56  Drone  
  19  2:12  Hatchery  
  18  2:17  Drone  
  18  2:20  Drone  
  20  2:24  Drone  
  21  2:32  Overlord  
  21  2:41  Queen  
  23  2:49  Queen  
  25  2:55  Metabolic Boost  
  25  2:58  Drone  
  25  3:01  Drone  
  28  3:05  Drone  
  28  3:08  Drone  
  29  3:15  Drone x2  
  31  3:24  Drone  
  32  3:28  Spine Crawler  
  32  3:29  Drone  
  32  3:32  Drone x2  
  32  3:33  Drone  
  35  3:38  Drone, Extractor  
  35  3:42  Overlord  
  35  3:48  Queen  
  35  3:52  Zergling x2  
  35  3:53  Zergling x2  
  35  3:54  Zergling x2  
  40  3:57  Zergling x2  
  41  4:06  Overlord  
  41  4:08  Drone x2  
  41  4:09  Drone  
  44  4:10  Drone x2  
  46  4:19  Extractor  
  46  4:22  Overlord  
  46  4:23  Extractor  
  44  4:24  Drone  
  44  4:26  Drone  
  46  4:36  Overlord x2  
  46  4:37  Overlord  
  46  4:46  Lair  
  46  4:51  Roach Warren  
  45  4:53  Drone  
  45  4:54  Drone x3  
  45  4:57  Drone x3  
  45  4:59  Drone  
  53  5:05  Drone x3  
  56  5:08  Drone x2  
  56  5:09  Drone  
  59  5:14  Spore Crawler  
  58  5:27  Drone  
  58  5:28  Drone x3  
  60  5:29  Spore Crawler  
  60  5:34  Drone x2  
  63  5:37  Drone x3  
  66  5:43  Drone  
  66  5:44  Drone x2  
  66  5:47  Extractor x2  
  67  5:52  Hydralisk Den  
  67  5:53  Glial Reconstitution  
  67  5:55  Drone, Infestation Pit  
  66  6:01  Overlord x2  
  66  6:02  Overlord  
  66  6:04  Drone x3  
  69  6:11  Roach  
  69  6:12  Roach x4  
  69  6:13  Overseer  
  79  6:22  Queen  
  79  6:24  Pneumatized Carapace  
  81  6:26  Burrow  
  81  6:29  Drone x2  
  81  6:30  Drone  
  84  6:34  Drone x2  
  86  6:40  Muscular Augments  
  86  6:43  Roach x3  
  86  6:44  Roach x2, Hydralisk x2  
  86  6:46  Overlord x2  
  100  7:03  Nydus Network  
  99  7:10  Drone x2  
  99  7:11  Drone x2  
  99  7:12  Overlord x4  
  99  7:13  Overlord  
  99  7:15  Overseer  
  103  7:23  Overlord x3  
  103  7:24  Overlord  
  103  7:25  Hydralisk x2  
  103  7:26  Hydralisk  
  109  7:37  Evolution Chamber  
  109  7:38  Evolution Chamber  
  109  7:40  Hive, Evolution Chamber  
  106  7:51  Hydralisk  
  106  7:52  Roach, Hydralisk x4  
  106  7:53  Roach x2  
  121  8:24  Swarm Host  
  121  8:25  Swarm Host x12  
  160  8:33  Zerg Missile Weapons Level 1  
  160  8:40  Zerg Ground Armor Level 1  
  129  9:11  Hydralisk x3  
  129  9:12  Roach x3, Hydralisk x4  
  129  9:13  Roach x4  
  129  9:14  Roach  
  129  9:16  Overlord x2  
  151  9:18  Overseer  
  151  9:26  Drone x2  
  151  9:27  Drone  
  154  9:37  Extractor, Hatchery  
  152  9:43  Extractor  
  151  9:55  Spine Crawler  
  151  9:56  Spine Crawler  
  151  9:57  Hydralisk x3  
  151  9:58  Spine Crawler, Roach x2  
  151  9:59  Swarm Host x4  
  170  10:10  Overseer  
  170  10:21  Adrenal Glands  
  170  10:29  Ultralisk Cavern  
  169  10:47  Overlord x3  
  169  10:49  Hydralisk  
  169  10:50  Roach x2, Hydralisk x2  
  169  10:51  Swarm Host, Roach  
  169  10:52  Infestor x2  
  169  10:55  Drone  
  189  11:03  Drone  
  190  11:16  Nydus Canal  
  190  12:03  Nydus Canal  
  190  12:11  Ultralisk  
  190  12:13  Infestor  
  190  12:14  Infestor  
  164  12:29  Viper, Hydralisk x5  
  164  12:30  Roach x2, Hydralisk x3  
  164  12:35  Ravager  
  164  12:36  Ravager x2  
  183  12:37  Ravager  
  183  12:50  Hydralisk x4  
  183  12:51  Hydralisk  
  193  13:12  Zerg Missile Weapons Level 2, Zerg Ground Armor Level 2  
  187  13:30  Nydus Canal  
  187  14:03  Tunneling Claws  
  187  14:07  Hydralisk x5  
  187  14:08  Hydralisk  
  144  15:06  Hydralisk x4  
  144  15:07  Hydralisk x5  
  142  15:08  Roach x3, Hydralisk x3  
  142  15:09  Roach x3  
  142  15:10  Zergling x12  
  142  15:11  Zergling x2  
  179  15:15  Zerg Melee Weapons Level 1  
  179  15:23  Roach x4  
  187  15:33  Nydus Canal  
  187  15:47  Ultralisk x2  
  199  15:55  Nydus Canal  
  136  16:54  Zergling x2  
  136  16:55  Zergling x22  
  134  17:38  Swarm Host  
  134  17:39  Swarm Host x11  
  134  17:40  Queen  
  134  17:41  Queen  
  174  17:48  Queen x2  
  175  17:58  Nydus Canal  
  174  18:05  Extractor  
  173  18:06  Hatchery  
  173  18:10  Extractor  
  171  18:16  Queen  
  158  18:27  Zergling x20  
  158  18:28  Zergling x4  
  169  18:36  Zergling x16  
  169  18:37  Zergling x8  
  181  18:58  Nydus Canal  
  180  19:07  Ultralisk  
  180  19:08  Ultralisk x2  
  197  19:13  Zergling x8  
  154  19:37  Hydralisk x2  
  154  19:38  Hydralisk  
  102  20:14  Zergling x2  
  102  20:18  Drone  
Show
View Real Time Build Order
Export as new Build Order

Bob Protoss - Winner!

Build Orders:  

Get SALT Encoding   

  12  0:04  Probe (Chrono Boost)  
  13  0:16  Pylon  
  13  0:19  Probe (Chrono Boost)  
  14  0:29  Probe (Chrono Boost)  
  15  0:40  Probe (Chrono Boost)  
  16  0:50  Probe (Chrono Boost)  
  17  1:05  Probe (Chrono Boost)  
  18  1:14  Nexus  
  18  1:15  Probe (Chrono Boost)  
  19  1:26  Probe (Chrono Boost)  
  19  1:30  Forge  
  20  1:33  Assimilator  
  20  1:36  Probe (Chrono Boost)  
  20  1:38  Assimilator  
  22  1:47  Probe (Chrono Boost)  
  22  1:48  Gateway  
  22  1:55  Pylon  
  22  1:57  Probe (Chrono Boost)  
  23  2:05  Pylon  
  23  2:13  Photon Cannon  
  23  2:16  Probe (Chrono Boost)  
  24  2:28  Photon Cannon  
  25  2:30  Probe (Chrono Boost)  
  25  2:33  Probe (Chrono Boost)  
  26  2:45  Cybernetics Core  
  26  2:50  Probe (Chrono Boost)  
  28  2:51  Probe (Chrono Boost)  
  28  2:59  Photon Cannon  
  28  3:09  Probe (Chrono Boost)  
  28  3:11  Probe (Chrono Boost)  
  30  3:19  Probe (Chrono Boost)  
  31  3:20  Pylon  
  31  3:21  Probe (Chrono Boost)  
  31  3:23  Pylon  
  31  3:26  Assimilator  
  32  3:30  Assimilator  
  32  3:33  Mothership Core (Chrono Boost)  
  34  3:38  Assimilator  
  34  3:42  Probe (Chrono Boost)  
  35  3:50  Photon Cannon  
  35  3:51  Probe (Chrono Boost)  
  36  3:57  Photon Cannon  
  36  4:05  Photon Cannon  
  36  4:12  Probe (Chrono Boost)  
  36  4:14  Probe (Chrono Boost)  
  38  4:22  Probe (Chrono Boost)  
  39  4:25  Probe (Chrono Boost)  
  40  4:33  Probe (Chrono Boost)  
  40  4:35  Probe (Chrono Boost), Stargate  
  42  4:41  Stargate  
  42  4:44  Stargate  
  42  4:51  Stargate  
  42  4:53  Probe (Chrono Boost)  
  42  4:56  Probe (Chrono Boost)  
  44  5:04  Probe (Chrono Boost)  
  44  5:06  Probe (Chrono Boost)  
  46  5:10  Cybernetics Core  
  46  5:16  Pylon  
  46  5:19  Pylon  
  46  5:23  Pylon  
  46  5:27  Probe (Chrono Boost)  
  46  5:28  Pylon  
  47  5:33  Probe (Chrono Boost)  
  48  5:37  Probe  
  53  5:43  Void Ray (Chrono Boost)  
  53  5:44  Probe  
  53  5:49  Protoss Shields Level 1  
  54  5:52  Protoss Air Weapons Level 1  
  54  5:58  Protoss Air Armor Level 1  
  54  6:07  Void Ray (Chrono Boost)  
  62  6:23  Void Ray (Chrono Boost)  
  62  6:25  Void Ray (Chrono Boost)  
  70  6:40  Void Ray (Chrono Boost)  
  70  6:46  Fleet Beacon  
  70  6:51  Twilight Council  
  70  6:58  Void Ray (Chrono Boost)  
  74  7:08  Void Ray (Chrono Boost)  
  78  7:22  Void Ray (Chrono Boost)  
  86  7:30  Void Ray (Chrono Boost)  
  92  8:04  Nexus  
  92  8:07  Protoss Shields Level 2  
  92  8:09  Protoss Air Weapons Level 2  
  92  8:14  Protoss Air Armor Level 2  
  92  8:23  Void Ray (Chrono Boost)  
  96  8:34  Pylon  
  96  8:39  Pylon  
  96  8:45  Assimilator  
  96  8:46  Assimilator  
  96  8:51  Void Ray (Chrono Boost)  
  100  9:01  Void Ray (Chrono Boost)  
  108  9:17  Void Ray (Chrono Boost)  
  112  9:27  Void Ray (Chrono Boost)  
  112  9:33  Void Ray (Chrono Boost)  
  116  9:44  Void Ray (Chrono Boost)  
  120  10:25  Protoss Shields Level 3  
  120  10:26  Protoss Air Weapons Level 3  
  120  10:31  Protoss Air Armor Level 3  
  56  11:54  Carrier x2 (Chrono Boost)  
  80  11:59  Carrier (Chrono Boost)  
  80  12:04  Nexus  
  80  12:05  Carrier (Chrono Boost)  
  80  12:17  Pylon  
  80  12:20  Pylon  
  80  12:25  Assimilator  
  80  12:30  Assimilator  
  80  12:52  Stargate  
  80  13:01  Stargate  
  80  13:08  Void Ray x2 (Chrono Boost)  
  88  13:14  Void Ray (Chrono Boost)  
  96  13:25  Void Ray (Chrono Boost)  
  102  13:45  Void Ray x2 (Chrono Boost)  
  102  13:48  Graviton Catapult  
  116  13:49  Carrier (Chrono Boost)  
  116  13:51  Void Ray (Chrono Boost)  
  120  13:57  Carrier (Chrono Boost)  
  124  14:08  Void Ray (Chrono Boost)  
  124  14:23  Void Ray (Chrono Boost), Carrier (Chrono Boost)  
  134  14:44  Void Ray (Chrono Boost)  
  142  14:51  Void Ray (Chrono Boost)  
  142  15:10  Void Ray (Chrono Boost)  
  150  15:16  Void Ray (Chrono Boost)  
  144  17:20  Carrier x3 (Chrono Boost)  
  162  17:31  Carrier (Chrono Boost)  
  162  17:49  Pylon  
  162  17:51  Pylon  
  162  17:52  Pylon  
  162  17:57  Pylon  
  162  17:59  Pylon  
  162  18:01  Pylon  
  170  18:13  Void Ray x2 (Chrono Boost)  
  170  18:45  Void Ray x2 (Chrono Boost)  
  170  18:46  Void Ray (Chrono Boost)  
  186  18:51  Void Ray (Chrono Boost)  
  186  19:35  Void Ray (Chrono Boost)  
  186  19:37  Void Ray (Chrono Boost)  
Show
View Real Time Build Order
Export as new Build Order

alvarado Protoss - Winner!

Build Orders:  

Get SALT Encoding   

  12  0:02  Probe (Chrono Boost)  
  13  0:23  Pylon  
  14  0:57  Probe (Chrono Boost)  
  14  0:58  Forge  
  14  1:07  Probe (Chrono Boost)  
  15  1:18  Probe (Chrono Boost)  
  16  1:24  Pylon  
  16  1:28  Probe (Chrono Boost)  
  16  1:31  Gateway  
  17  1:35  Assimilator  
  17  1:39  Probe (Chrono Boost)  
  18  1:50  Photon Cannon  
  18  1:51  Photon Cannon  
  18  1:55  Probe (Chrono Boost)  
  19  2:06  Pylon  
  19  2:21  Probe (Chrono Boost)  
  19  2:32  Probe (Chrono Boost)  
  20  2:40  Cybernetics Core  
  20  2:42  Probe (Chrono Boost)  
  21  2:55  Probe (Chrono Boost)  
  22  2:58  Pylon  
  21  3:14  Photon Cannon  
  21  3:20  Photon Cannon  
  21  3:22  Probe (Chrono Boost)  
  22  3:31  Nexus  
  22  3:33  Probe (Chrono Boost)  
  23  3:38  Assimilator  
  23  3:43  Probe (Chrono Boost)  
  24  3:54  Probe (Chrono Boost)  
  25  3:57  Pylon  
  25  3:59  Pylon  
  25  4:04  Probe (Chrono Boost)  
  26  4:15  Warp Gate (Chrono Boost), Probe (Chrono Boost)  
  27  4:25  Twilight Council, Probe (Chrono Boost)  
  27  4:28  Photon Cannon  
  27  4:31  Photon Cannon  
  28  4:34  Gateway  
  28  4:36  Probe (Chrono Boost)  
  29  4:46  Probe (Chrono Boost)  
  29  4:52  Pylon  
  30  4:59  Assimilator  
  30  5:08  Probe  
  30  5:10  Dark Shrine  
  31  5:16  Probe, Assimilator  
  31  5:19  Gateway  
  32  5:33  Gateway  
  32  5:49  Photon Cannon  
  32  6:02  Probe (Chrono Boost), Pylon  
  33  6:23  Shadow Stride  
  33  6:26  Dark Templar x3  
  33  6:28  Dark Templar  
  33  6:29  Probe (Chrono Boost)  
  42  6:39  Probe (Chrono Boost)  
  43  6:40  Photon Cannon  
  43  6:43  Probe (Chrono Boost), Pylon  
  43  6:44  Photon Cannon  
  44  6:48  Protoss Ground Weapons Level 1  
  40  7:09  Probe (Chrono Boost)  
  39  7:17  Probe (Chrono Boost)  
  38  7:24  Probe (Chrono Boost)  
  38  7:25  Photon Cannon  
  39  7:35  Templar Archives  
  39  7:39  Gateway  
  39  7:41  Probe (Chrono Boost)  
  39  7:43  Probe (Chrono Boost), Photon Cannon  
  39  7:44  Pylon  
  41  7:47  Pylon  
  41  7:52  Dark Templar x3  
  47  8:04  Dark Templar  
  50  8:13  Probe (Chrono Boost)  
  50  8:17  Psionic Storm  
  49  8:26  Photon Cannon  
  49  8:29  Probe (Chrono Boost), Photon Cannon  
  50  8:37  Photon Cannon  
  46  9:14  Probe  
  47  9:17  Dark Templar x5  
  55  9:25  Probe  
  56  9:35  Probe, Photon Cannon  
  51  10:01  Probe  
  51  10:06  High Templar x5  
  56  10:17  Probe  
  57  10:21  Gateway  
  57  10:22  Gateway  
  57  10:23  Charge (Chrono Boost)  
  57  10:25  Nexus  
  57  10:28  Assimilator  
  57  10:39  Pylon, Zealot x4  
  57  10:40  Zealot  
  67  11:02  Zealot  
  67  11:03  Zealot x4  
  77  11:24  Zealot x4  
  77  11:25  Zealot  
  87  11:41  Pylon  
  49  12:09  Probe (Chrono Boost)  
  49  12:11  Probe (Chrono Boost), High Templar  
  49  12:12  High Templar x4  
  61  12:21  Gateway  
  61  12:22  Gateway  
  61  12:25  Probe (Chrono Boost), Pylon  
  61  12:29  Probe (Chrono Boost), Photon Cannon  
  63  12:30  Photon Cannon  
  63  12:31  Photon Cannon  
  63  12:35  Pylon  
  63  13:04  Zealot x4  
  63  13:05  Zealot x3  
  77  13:32  Dark Templar  
  77  13:33  Dark Templar x2  
  77  13:34  Dark Templar  
  85  13:36  Zealot x2  
  85  13:37  Zealot x3  
  85  13:40  Probe (Chrono Boost), Archon x2  
  96  13:58  Dark Templar x2  
  96  13:59  Dark Templar  
  103  14:03  Probe (Chrono Boost)  
  103  14:10  Dark Templar x3  
  103  14:11  Dark Templar x3  
  103  14:12  Archon  
  103  14:14  Archon  
  103  14:16  Archon x2  
  115  14:32  Pylon  
  115  14:49  Zealot x3  
  115  14:50  Zealot x2  
  115  14:51  Zealot x4  
  64  15:39  Dark Templar x5  
  64  15:40  Dark Templar x3  
  64  15:41  Dark Templar  
  77  15:44  Probe (Chrono Boost), Archon x3  
  77  15:45  Archon  
  75  15:52  Mothership Core (Chrono Boost)  
  61  16:14  Zealot x3  
  62  16:22  Stalker x6  
  72  16:30  Probe (Chrono Boost)  
  67  16:42  Dark Templar x3  
  55  16:53  Archon  
  28  17:06  Dark Templar x2  
  28  17:07  Dark Templar x2  
  36  17:10  Zealot x2  
  36  17:19  Archon x2  
  36  17:38  Zealot x2  
  36  17:39  Zealot x3  
  36  17:42  Probe (Chrono Boost)  
  47  18:02  Probe (Chrono Boost)  
  47  18:04  Probe (Chrono Boost)  
  47  18:05  Assimilator  
  39  18:26  Zealot x4  
  39  18:27  Zealot x2  
  39  18:46  Probe (Chrono Boost)  
  40  19:22  Dark Templar x3  
  36  19:51  Stalker x3  
  42  19:57  Archon  
Show
View Real Time Build Order
Export as new Build Order

bizou Zerg 

Build Orders: Hatch First 

Get SALT Encoding   

  12  0:02  Drone  
  13  0:08  Drone  
  14  0:17  Overlord  
  14  0:36  Drone  
  15  0:51  Drone  
  15  0:52  Hatchery  
  15  0:55  Drone  
  16  0:59  Drone  
  17  1:16  Spawning Pool  
  17  1:17  Drone  
  17  1:20  Extractor  
  17  1:22  Drone  
  17  1:39  Drone  
  19  1:40  Drone  
  19  2:04  Zergling x4  
  19  2:06  Queen  
  19  2:08  Queen  
  24  2:50  Drone x3  
  27  2:52  Drone  
  27  2:53  Overlord x2  
  28  3:21  Drone x2  
  28  3:27  Lair, Extractor  
  29  3:28  Metabolic Boost  
  29  3:32  Drone  
  30  3:35  Drone x3  
  30  3:36  Hatchery  
  30  3:40  Drone x3  
  30  3:41  Drone x2, Extractor  
  36  3:46  Overlord  
  36  3:52  Drone  
  36  3:53  Drone  
  38  4:06  Drone x2  
  38  4:07  Extractor  
  39  4:11  Drone x3  
  39  4:16  Drone x2  
  44  4:32  Evolution Chamber  
  44  4:36  Evolution Chamber  
  44  4:38  Drone x3  
  45  4:39  Hatchery  
  45  4:40  Evolution Chamber  
  45  4:43  Drone x2  
  45  4:45  Drone  
  46  4:49  Drone x2  
  46  4:51  Drone  
  49  4:56  Overlord  
  49  4:59  Overlord  
  49  5:10  Extractor  
  48  5:14  Hydralisk Den  
  48  5:17  Baneling Nest  
  48  5:19  Overlord x2  
  46  5:23  Zergling x8  
  46  5:24  Zergling x2  
  51  5:32  Zerg Missile Weapons Level 1  
  51  5:34  Zerg Melee Weapons Level 1  
  51  5:44  Drone x4  
  51  5:46  Drone  
  56  5:57  Drone x5  
  57  5:58  Drone x2  
  57  6:01  Drone  
  57  6:03  Drone  
  65  6:06  Drone x2  
  67  6:16  Zerg Ground Armor Level 1  
  67  6:19  Zergling x2  
  67  6:20  Zergling x6  
  67  6:22  Centrifical Hooks  
  67  6:24  Muscular Augments  
  71  6:33  Roach Warren  
  71  6:35  Drone x2  
  72  6:54  Hatchery  
  70  7:05  Overseer  
  70  7:14  Overseer  
  70  7:17  Zergling x2  
  70  7:18  Zergling x10  
  70  7:21  Overseer  
  76  7:27  Drone x4  
  76  7:28  Drone x2  
  82  7:34  Extractor, Hydralisk x2  
  82  7:35  Hydralisk x4  
  93  7:38  Overlord  
  93  7:39  Overlord x2  
  93  7:41  Zerg Melee Weapons Level 2  
  93  7:43  Zerg Missile Weapons Level 2  
  93  7:49  Glial Reconstitution  
  93  7:51  Infestation Pit  
  92  8:15  Hydralisk x3  
  92  8:16  Hydralisk  
  92  8:18  Zergling x2  
  92  8:19  Zergling x6  
  104  8:21  Overlord x3  
  104  8:23  Hydralisk x3  
  99  8:54  Hydralisk x3  
  104  8:58  Zergling x6  
  104  9:02  Zergling x6  
  110  9:08  Tunneling Claws  
  102  9:25  Baneling x6  
  102  9:26  Baneling x7  
  102  9:27  Baneling x4  
  102  9:30  Hive  
  95  9:58  Pneumatized Carapace  
  95  10:01  Burrow  
  95  10:03  Roach x6  
  95  10:06  Roach x3  
  113  10:12  Roach x5  
  113  10:13  Roach x7  
  137  10:19  Drone x2  
  139  10:24  Zergling x2  
  140  10:48  Hydralisk x2  
  140  10:49  Hydralisk x3  
  150  10:51  Overlord x2  
  150  10:52  Overlord x4  
  150  10:54  Zerg Melee Weapons Level 3  
  150  10:55  Zerg Missile Weapons Level 3  
  150  10:56  Zerg Ground Armor Level 2  
  150  11:06  Ultralisk Cavern  
  150  11:10  Drone x2  
  150  11:11  Drone x4  
  114  12:07  Drone x5  
  119  12:10  Drone  
  119  12:11  Drone x5  
  99  12:38  Drone x2  
  101  12:44  Zergling x2  
  101  12:45  Ultralisk x2  
  101  12:46  Ultralisk x3  
  101  12:48  Chitinous Plating  
  132  12:53  Drone x2  
  132  12:54  Drone  
  132  12:58  Drone x3, Extractor  
  137  13:01  Drone x2  
  137  13:05  Extractor  
  138  13:07  Extractor  
  138  13:08  Spore Crawler  
  136  13:15  Spore Crawler  
  136  13:16  Spore Crawler  
  130  13:29  Zergling x2  
  130  13:30  Zergling x12  
  130  13:31  Zergling x10  
  142  13:37  Drone x2  
  142  13:38  Drone  
  142  13:39  Spore Crawler  
  144  14:07  Drone x3  
  147  14:10  Queen  
  147  14:16  Zerg Ground Armor Level 3  
  149  14:20  Roach x3  
  149  14:22  Roach x3  
  161  14:29  Zergling x6  
  164  14:32  Ultralisk x2  
  164  14:33  Ultralisk  
  164  14:35  Zergling x4  
  163  15:16  Hydralisk x4  
  163  15:17  Hydralisk x6  
  163  15:18  Hydralisk  
  185  15:51  Hydralisk x3  
  185  15:54  Hydralisk x3  
  109  16:53  Ultralisk  
  109  16:54  Ultralisk x5  
  129  16:56  Zergling x10  
  129  16:57  Zergling x2  
  117  17:38  Drone x31  
  113  17:57  Hatchery  
  112  18:01  Hatchery  
  111  18:09  Extractor  
  111  18:12  Extractor  
  78  19:11  Hydralisk x3  
  78  19:13  Hydralisk  
  78  19:14  Hydralisk x2  
  90  19:29  Drone x2  
  92  19:36  Hydralisk x3  
  98  19:39  Hydralisk  
Show
View Real Time Build Order
Export as new Build Order

Cimyba Protoss 

Build Orders:  

Get SALT Encoding   

  12  0:02  Probe (Chrono Boost)  
  13  0:12  Probe (Chrono Boost)  
  14  0:18  Pylon  
  14  0:23  Probe (Chrono Boost)  
  15  0:36  Probe (Chrono Boost)  
  15  0:39  Gateway  
  16  0:48  Assimilator  
  17  0:50  Probe (Chrono Boost)  
  17  1:00  Assimilator  
  17  1:01  Probe (Chrono Boost)  
  18  1:12  Probe (Chrono Boost)  
  18  1:16  Pylon  
  19  1:22  Probe (Chrono Boost)  
  20  1:28  Cybernetics Core  
  21  1:33  Probe (Chrono Boost)  
  21  1:42  Gateway  
  21  1:43  Probe (Chrono Boost)  
  22  1:54  Probe (Chrono Boost)  
  23  2:00  Forge  
  23  2:10  Warp Gate (Chrono Boost)  
  20  2:25  Stalker (Chrono Boost)  
  21  2:31  Mothership Core  
  23  2:52  Pylon  
  23  2:58  Pylon  
  23  3:10  Stalker (Chrono Boost)  
  25  3:15  Pylon  
  25  3:25  Gateway  
  25  3:29  Probe  
  26  3:41  Probe  
  27  3:42  Gateway  
  27  3:50  Gateway  
  27  3:57  Probe (Chrono Boost)  
  28  4:05  Protoss Ground Weapons Level 1 (Chrono Boost)  
  28  4:15  Stalker  
  30  4:22  Stalker  
  32  4:30  Probe (Chrono Boost)  
  33  4:53  Nexus  
  33  4:55  Probe (Chrono Boost)  
  34  5:01  Pylon  
  34  5:06  Probe (Chrono Boost)  
  35  5:16  Pylon  
  35  5:26  Robotics Facility  
  35  5:30  Probe  
  36  5:36  Stalker  
  38  5:45  Stalker  
  38  5:46  Probe  
  38  5:48  Protoss Ground Armor Level 1 (Chrono Boost)  
  41  5:58  Probe  
  42  6:05  Probe  
  42  6:10  Probe  
  44  6:14  Pylon  
  44  6:15  Probe  
  45  6:23  Probe  
  45  6:24  Twilight Council  
  46  6:26  Observer (Chrono Boost)  
  47  6:36  Stalker x2  
  51  6:42  Probe  
  51  6:43  Probe  
  51  6:46  Observer (Chrono Boost)  
  54  6:55  Probe x2  
  56  7:07  Probe x2  
  56  7:11  Photon Cannon  
  56  7:13  Photon Cannon  
  56  7:23  Blink (Chrono Boost)  
  56  7:26  Observer  
  56  7:28  Probe x2  
  59  7:30  Assimilator x2  
  59  7:32  Protoss Ground Weapons Level 2  
  59  7:33  Photon Cannon  
  59  7:34  Pylon  
  59  7:37  Gateway  
  59  7:43  Gateway  
  59  8:06  Stalker x4  
  67  8:19  Probe  
  69  8:20  Probe  
  69  8:42  Zealot x3  
  69  8:43  Nexus, Pylon  
  69  9:10  Stalker x5  
  79  9:22  Stalker  
  81  9:27  Probe x2  
  81  9:31  Photon Cannon  
  83  9:41  Charge (Chrono Boost)  
  83  9:49  Pylon, Gateway  
  83  9:50  Gateway  
  83  10:09  Pylon  
  83  10:11  Probe, Pylon, Photon Cannon  
  83  10:13  Probe x2  
  86  10:14  Protoss Ground Armor Level 2  
  86  10:22  Pylon  
  86  10:25  Templar Archives  
  86  10:27  Photon Cannon  
  86  10:37  Probe  
  86  10:38  Probe  
  88  10:49  Probe  
  88  10:50  Probe x2  
  88  10:55  Immortal (Chrono Boost)  
  95  11:01  Probe  
  96  11:15  Stalker x4  
  96  11:16  Stalker x2  
  89  11:29  Psionic Storm  
  59  11:35  Stalker  
  59  11:36  Stalker  
  63  11:40  Stalker x3  
  63  11:43  Stalker  
  71  11:51  Stalker x2  
  75  12:08  Stalker x4  
  79  12:09  Stalker  
  85  12:20  Probe x3  
  85  12:21  Protoss Ground Weapons Level 3  
  88  12:22  Photon Cannon  
  88  12:30  Stalker x3  
  88  12:32  Probe  
  95  12:49  High Templar x5  
  105  13:07  Archon x2  
  105  13:13  Nexus  
  105  13:16  Pylon  
  105  13:17  Pylon  
  105  13:21  Pylon, High Templar  
  105  13:23  High Templar x2  
  111  13:28  Archon  
  111  13:29  Archon  
  111  13:32  Assimilator  
  111  13:33  Assimilator  
  111  13:35  Assimilator  
  111  13:39  Assimilator  
  111  13:53  Stalker x6  
  123  14:15  Photon Cannon  
  123  14:17  Gateway  
  123  14:18  Gateway  
  123  14:31  Probe  
  123  14:33  Probe x2  
  123  14:34  Probe  
  123  14:36  High Templar x5  
  137  14:41  Archon  
  137  14:42  Probe, Archon  
  137  14:43  Protoss Ground Armor Level 3  
  138  14:46  High Templar  
  138  14:50  Archon  
  140  15:12  Stalker x5  
  140  15:14  Zealot x2  
  109  15:34  Zealot  
  109  15:35  Zealot x7  
  107  15:36  Zealot x2  
  115  16:03  Stalker x6  
  115  16:04  Stalker x4  
  106  16:18  Observer (Chrono Boost)  
  82  16:42  Robotics Bay  
  82  16:47  Stalker x5  
  82  16:48  Stalker x3  
  82  16:49  Stalker x2  
  91  17:12  Stalker x4  
  91  17:13  Stalker x4  
  105  17:26  Observer (Chrono Boost)  
  62  17:42  High Templar  
  62  17:43  High Templar x3  
  62  17:54  Nexus  
  62  17:57  Assimilator  
  62  18:00  Pylon  
  62  18:03  Archon x2  
  62  18:04  High Templar  
  64  18:06  Stalker x3  
  64  18:22  Stalker  
  64  18:23  Stalker x3  
Show
View Real Time Build Order
Export as new Build Order

iWushu Terran 

Build Orders:  

Get SALT Encoding   

  12  0:01  SCV  
  13  0:13  SCV  
  14  0:19  Supply Depot  
  14  0:25  SCV  
  15  0:41  SCV  
  15  0:42  Barracks  
  16  0:51  Refinery  
  16  0:53  SCV  
  17  1:05  SCV  
  18  1:17  SCV  
  19  1:29  Orbital Command  
  19  1:41  Command Center  
  19  1:44  Barracks Reactor  
  19  1:50  Supply Depot  
  19  2:06  Command Center  
  19  2:15  Barracks  
  19  2:20  Marine x2  
  19  2:21  SCV  
  22  2:33  SCV  
  22  2:35  Refinery  
  23  2:37  Marine  
  23  2:38  Marine  
  25  2:45  SCV  
  26  2:55  Marine x2  
  26  2:57  SCV  
  29  3:09  SCV  
  29  3:10  Barracks Tech Lab  
  30  3:12  Engineering Bay  
  30  3:15  Supply Depot  
  30  3:20  Marine x2  
  30  3:26  SCV  
  34  3:27  SCV  
  34  3:39  SCV  
  34  3:40  Terran Infantry Weapons Level 1, Supply Depot  
  35  3:49  Factory  
  35  3:51  SCV  
  35  3:54  Marine  
  35  3:55  Marine  
  38  4:01  SCV  
  39  4:03  SCV, Supply Depot  
  40  4:13  SCV  
  40  4:15  SCV  
  42  4:17  Marine  
  42  4:21  Marine  
  42  4:22  Marine  
  45  4:25  SCV  
  45  4:27  SCV, Supply Depot  
  47  4:33  Missile Turret  
  47  4:37  SCV  
  47  4:38  Marine  
  48  4:39  SCV, Marine  
  48  4:42  Factory Tech Lab  
  51  4:48  Armory  
  51  4:49  SCV  
  51  4:50  Supply Depot  
  51  4:51  SCV  
  53  4:56  Missile Turret  
  53  5:04  SCV  
  54  5:10  Orbital Command  
  54  5:13  Refinery, Supply Depot  
  54  5:16  SCV  
  54  5:17  Refinery, Missile Turret, Marine  
  56  5:21  Marine  
  56  5:22  Marine  
  56  5:24  Concussive Shells  
  56  5:28  SCV  
  59  5:35  Terran Infantry Armor Level 1, Supply Depot  
  59  5:38  Terran Ship Weapons Level 1  
  59  5:40  SCV  
  60  5:45  Starport  
  60  5:49  Marine x3  
  63  6:05  SCV  
  63  6:06  Combat Shields, SCV  
  63  6:07  Marine x2  
  63  6:08  Marauder  
  63  6:10  Missile Turret  
  69  6:17  SCV, Supply Depot  
  70  6:25  Marine x2  
  72  6:29  SCV, Marine  
  74  6:33  Starport Tech Lab, Missile Turret  
  74  6:34  Starport  
  74  6:40  Supply Depot  
  74  6:43  Marine x2  
  74  6:46  Marine  
  77  6:54  Missile Turret  
  77  7:00  Marine x2  
  77  7:03  Supply Depot  
  77  7:04  Marine  
  71  7:18  Marine x2  
  71  7:19  SCV  
  71  7:20  SCV  
  71  7:22  Marine  
  76  7:25  Stimpack  
  76  7:28  Terran Infantry Weapons Level 2  
  76  7:31  SCV  
  76  7:32  Starport Tech Lab  
  76  7:33  SCV  
  76  7:36  Marine  
  79  7:37  Marine  
  79  7:40  Fusion Core, Marauder  
  79  7:41  Supply Depot  
  79  7:43  SCV  
  83  7:45  Missile Turret, SCV  
  83  7:52  Missile Turret  
  83  7:54  Marine  
  83  7:55  Marine  
  83  7:56  SCV  
  85  8:02  Marauder  
  85  8:04  Supply Depot  
  79  8:11  Missile Turret  
  79  8:12  Marine  
  69  8:13  Marine  
  69  8:14  Missile Turret  
  60  8:23  Marine  
  61  8:29  Marine  
  61  8:30  Battlecruiser  
  61  8:33  Battlecruiser  
  74  8:35  Command Center  
  66  8:53  Marine x3  
  56  9:11  Supply Depot, Marine x3  
  56  9:13  Missile Turret  
  59  9:28  Marine  
  59  9:29  Marine x2  
  62  9:34  Battlecruiser  
  68  9:39  Missile Turret  
  65  9:46  Marine x2  
  65  9:47  Marine  
  61  10:01  SCV  
  61  10:04  Marine x3  
  65  10:13  SCV  
  66  10:19  Planetary Fortress  
  66  10:22  Marine x3  
  66  10:23  Missile Turret  
  66  10:25  SCV  
  70  10:35  Missile Turret  
  70  10:37  SCV  
  70  10:40  Marine x3  
  70  10:41  Battlecruiser  
  80  10:46  Missile Turret  
  80  10:49  SCV  
  81  10:56  Battlecruiser  
  87  10:57  Marine  
  87  10:58  Weapon Refit, Marine x2  
  87  11:00  Missile Turret  
  87  11:02  Terran Ship Weapons Level 2  
  90  11:05  Terran Infantry Armor Level 2  
  90  11:12  Missile Turret  
  90  11:15  Marine  
  75  11:45  Battlecruiser  
  75  11:46  Marine  
  64  11:47  Marine x2  
  62  12:01  Battlecruiser  
  64  12:04  Marine x2  
  64  12:05  Marine  
  67  12:12  Refinery  
  67  12:15  Refinery  
  67  12:22  Marine x3  
  70  12:30  SCV  
  70  12:33  Supply Depot  
  71  12:40  Marine x3  
  71  12:42  SCV  
  75  12:49  Battlecruiser  
  81  12:51  SCV  
  81  12:54  SCV  
  81  12:56  Missile Turret  
  81  12:58  Missile Turret, Marine x3  
  84  13:03  SCV  
  87  13:15  Missile Turret  
  87  13:16  SCV, Marine  
  89  13:28  SCV  
  90  13:35  SCV  
  90  13:38  Battlecruiser  
  90  13:40  SCV  
  98  13:44  Missile Turret  
  98  13:47  SCV  
  99  13:49  Missile Turret  
  99  13:52  SCV  
  100  13:59  SCV  
  101  14:04  SCV  
  101  14:06  Missile Turret  
  101  14:07  Terran Infantry Weapons Level 3  
  101  14:09  Missile Turret  
  102  14:11  SCV  
  103  14:18  Terran Ship Weapons Level 3  
  103  14:23  SCV  
  104  14:35  Battlecruiser  
  110  14:43  Supply Depot  
  110  15:00  Battlecruiser  
  116  15:09  Supply Depot  
  116  15:34  Command Center  
  116  15:41  Battlecruiser  
  122  15:56  Supply Depot  
  117  16:05  Battlecruiser  
  115  16:18  Supply Depot  
  107  16:45  Battlecruiser, Supply Depot  
  112  17:09  Battlecruiser  
  118  17:24  Command Center  
  118  17:31  Refinery  
  118  17:36  Missile Turret  
  118  17:37  Terran Infantry Armor Level 3  
  118  17:38  Supply Depot  
  107  18:03  Battlecruiser  
Tags
 
Add a new tag
Caveats
  • Supply blocks, unpowered buildings, or Contaminate may cause inaccurate times.
  • Supply counts are checked every 10 seconds.